Map: 2000 Atmospheres LE

Players

GunGFuBanDa - Winner!

  • Race: Protoss Protoss

ForJumy

  • Race: Protoss Protoss

Event: DreamHack SC2 Masters 2021 Winter

VOD

Have the link to the VOD?

Description

Time

  • Played on: Oct. 7, 2021, 12:52 p.m.
  • Length: 14:32

All games in this series

Show
View Real Time Build Order
Export as new Build Order

GunGFuBanDa Protoss - Winner!

Build Orders: Oracle Opening, Phoenix Opening 

Get SALT Encoding   

  12  0:00  Probe  
  13  0:12  Probe  
  14  0:17  Pylon  
  14  0:24  Probe (Chrono Boost)  
  16  0:36  Probe (Chrono Boost)  
  16  0:37  Gateway  
  16  0:42  Probe (Chrono Boost)  
  16  0:47  Assimilator  
  17  0:50  Probe  
  17  0:55  Assimilator  
  18  1:03  Probe (Chrono Boost)  
  19  1:08  Gateway  
  20  1:12  Probe (Chrono Boost)  
  20  1:17  Probe (Chrono Boost)  
  20  1:24  Cybernetics Core  
  21  1:29  Probe  
  22  1:34  Pylon  
  22  1:41  Probe  
  23  1:53  Probe  
  24  2:02  Stargate  
  24  2:04  Adept x2  
  28  2:09  Probe  
  28  2:12  Warp Gate  
  29  2:17  Pylon  
  29  2:31  Shield Battery  
  29  2:43  Oracle (Chrono Boost)  
  29  2:50  Probe  
  33  2:54  Shield Battery  
  33  3:00  Stalker  
  35  3:15  Nexus  
  35  3:25  Shield Battery  
  35  3:30  Phoenix  
  37  3:49  Pylon  
  37  3:55  Phoenix  
  39  4:01  Pylon  
  39  4:07  Probe  
  40  4:19  Probe (Chrono Boost)  
  40  4:21  Pylon  
  40  4:22  Phoenix  
  43  4:27  Sentry  
  43  4:29  Probe x2 (Chrono Boost)  
  47  4:37  Probe (Chrono Boost)  
  47  4:38  Probe (Chrono Boost)  
  49  4:42  Probe (Chrono Boost)  
  50  4:45  Probe  
  50  4:48  Phoenix  
  50  4:51  Robotics Facility  
  53  4:53  Probe  
  53  4:57  Probe  
  50  5:05  Probe  
  50  5:07  Stalker x2  
  52  5:10  Probe  
  55  5:17  Probe  
  56  5:22  Phoenix  
  58  5:30  Probe (Chrono Boost)  
  58  5:33  Probe (Chrono Boost)  
  60  5:37  Assimilator  
  60  5:38  Pylon  
  60  5:42  Probe (Chrono Boost)  
  62  5:46  Probe (Chrono Boost)  
  62  6:01  Probe  
  59  6:14  Probe  
  59  6:15  Probe  
  59  6:16  Immortal (Chrono Boost), Phoenix  
  61  6:26  Probe  
  61  6:30  Zealot, Sentry  
  61  6:31  Probe  
  67  6:33  Shield Battery  
  67  6:35  Assimilator  
  67  6:38  Twilight Council, Probe  
  68  6:41  Forge  
  68  6:43  Probe  
  69  6:49  Immortal (Chrono Boost)  
  73  6:55  Probe x2  
  73  6:57  Zealot x2  
  73  7:01  Gateway  
  79  7:02  Gateway  
  79  7:04  Pylon  
  79  7:21  Immortal (Chrono Boost)  
  79  7:22  Zealot x2  
  82  7:30  Protoss Ground Weapons Level 1 (Chrono Boost)  
  75  7:48  Charge  
  75  7:49  Observer (Chrono Boost)  
  76  8:03  Probe  
  77  8:09  Probe  
  78  8:15  Probe  
  78  8:19  Nexus  
  79  8:21  Probe, Pylon  
  79  8:27  Probe  
  79  8:30  Photon Cannon  
  79  8:33  Probe  
  81  8:39  Probe  
  81  8:40  Templar Archives  
  81  8:45  Phoenix  
  81  9:01  Probe (Chrono Boost)  
  79  9:03  Probe (Chrono Boost)  
  80  9:10  Phoenix, Probe (Chrono Boost)  
  80  9:13  Probe (Chrono Boost)  
  83  9:21  Probe (Chrono Boost)  
  83  9:22  Pylon  
  85  9:31  Probe (Chrono Boost)  
  85  9:32  High Templar  
  85  9:33  Zealot x2, High Templar  
  85  9:35  Phoenix  
  85  9:37  Probe (Chrono Boost)  
  97  9:39  Probe (Chrono Boost)  
  97  9:40  Archon, Probe (Chrono Boost)  
  97  9:44  Probe (Chrono Boost)  
  97  9:45  Probe x2 (Chrono Boost), Shield Battery  
  101  9:54  Zealot  
  101  9:55  Zealot  
  105  10:00  Phoenix  
  91  10:10  Probe  
  91  10:13  Zealot x2  
  92  10:16  Immortal  
  92  10:19  Protoss Ground Weapons Level 2 (Chrono Boost)  
  96  10:26  Photon Cannon, Probe (Chrono Boost)  
  99  10:31  Probe x2 (Chrono Boost)  
  99  10:34  Probe (Chrono Boost)  
  98  10:38  Probe (Chrono Boost)  
  98  10:39  Probe (Chrono Boost)  
  98  10:40  Photon Cannon  
  98  10:41  Zealot x2, High Templar x2  
  108  10:46  Archon  
  108  10:48  Gateway  
  108  10:51  Gateway  
  108  11:01  Gateway  
  108  11:02  Gateway  
  108  11:04  High Templar  
  108  11:05  High Templar  
  108  11:08  Pylon  
  108  11:09  Archon  
  112  11:13  Assimilator, Pylon  
  112  11:16  Warp Prism  
  114  11:28  High Templar x2  
  114  11:31  Pylon  
  114  11:32  Archon  
  118  11:33  Pylon  
  118  11:36  Blink (Chrono Boost)  
  118  11:37  Zealot x2  
  122  11:43  Zealot  
  122  11:47  Probe x3  
  127  11:59  Probe  
  128  12:03  Nexus, High Templar x2  
  128  12:04  Zealot x5, Pylon  
  142  12:09  Archon  
  141  12:20  Zealot  
  143  12:28  High Templar x2  
  143  12:29  Zealot  
  149  12:33  Pylon x2  
  149  12:34  Pylon  
  149  12:44  Archon  
  149  12:46  Nexus  
  149  12:47  Pylon  
  147  12:52  High Templar  
  147  12:53  Zealot x4, High Templar  
  147  12:56  Probe  
  147  12:57  Probe  
  161  12:59  Archon  
  161  13:01  Zealot x2  
  161  13:05  Pylon x2  
  165  13:16  Zealot x4  
  172  13:24  Probe  
  173  13:34  High Templar x2  
  173  13:35  Zealot x2  
  173  13:36  Zealot x4  
  173  13:38  Archon  
  187  13:49  Probe  
  187  13:53  Probe  
  187  13:55  Probe  
  190  14:01  Probe  
  191  14:03  Photon Cannon  
  191  14:04  Photon Cannon  
  191  14:05  Probe  
  191  14:07  Zealot x4, Probe  
  191  14:09  Pylon  
  200  14:10  Shield Battery  
  200  14:11  Pylon  
  200  14:15  Pylon  
  178  14:26  Zealot x4  
Show
View Real Time Build Order
Export as new Build Order

ForJumy Protoss 

Build Orders: Oracle Opening 

Get SALT Encoding   

  12  0:00  Probe  
  13  0:12  Probe  
  14  0:16  Pylon  
  14  0:24  Probe  
  15  0:34  Gateway  
  15  0:36  Probe (Chrono Boost)  
  16  0:45  Probe (Chrono Boost)  
  16  0:46  Assimilator  
  17  0:50  Probe (Chrono Boost)  
  17  0:55  Assimilator  
  18  1:02  Probe (Chrono Boost)  
  19  1:07  Gateway  
  19  1:13  Probe (Chrono Boost)  
  20  1:18  Probe  
  20  1:25  Cybernetics Core  
  21  1:30  Probe  
  22  1:37  Pylon  
  22  1:42  Probe  
  24  2:01  Stargate  
  24  2:03  Adept  
  24  2:05  Adept  
  27  2:08  Probe  
  27  2:11  Warp Gate  
  28  2:20  Pylon  
  28  2:33  Stalker  
  32  2:44  Oracle (Chrono Boost)  
  32  2:49  Probe  
  34  3:04  Shield Battery  
  34  3:05  Pylon  
  34  3:12  Stalker  
  36  3:20  Shield Battery  
  36  3:27  Oracle  
  39  3:38  Nexus  
  39  3:48  Probe  
  40  3:59  Twilight Council  
  40  4:03  Probe  
  41  4:16  Stalker x2  
  45  4:17  Probe  
  46  4:25  Pylon  
  47  4:31  Probe  
  47  4:43  Probe (Chrono Boost)  
  46  4:49  Blink  
  46  4:51  Probe (Chrono Boost)  
  45  4:55  Probe (Chrono Boost)  
  43  5:00  Probe (Chrono Boost)  
  43  5:02  Probe (Chrono Boost)  
  43  5:05  Probe (Chrono Boost)  
  40  5:12  Dark Shrine  
  40  5:13  Probe (Chrono Boost)  
  42  5:17  Probe (Chrono Boost)  
  42  5:20  Gateway  
  43  5:21  Gateway  
  43  5:24  Probe (Chrono Boost)  
  43  5:25  Probe (Chrono Boost)  
  45  5:30  Stalker  
  45  5:36  Probe  
  45  5:37  Probe  
  45  5:38  Assimilator  
  45  5:39  Stalker  
  48  5:48  Probe  
  48  5:49  Probe  
  48  5:53  Stalker  
  47  6:00  Probe  
  47  6:01  Probe  
  47  6:02  Stalker  
  45  6:14  Stalker  
  45  6:16  Stalker  
  45  6:17  Probe x2  
  45  6:19  Stalker  
  44  6:29  Probe  
  45  6:34  Dark Templar  
  47  6:46  Nexus  
  47  6:52  Dark Templar  
  49  6:59  Probe x2 (Chrono Boost)  
  51  7:09  Stalker, Probe (Chrono Boost)  
  51  7:11  Probe (Chrono Boost)  
  51  7:14  Probe (Chrono Boost)  
  51  7:19  Charge (Chrono Boost)  
  51  7:20  Probe  
  53  7:25  Probe  
  54  7:32  Probe  
  55  7:37  Probe  
  56  7:44  Probe  
  56  7:49  Stalker x3, Probe  
  64  7:54  Gateway  
  64  7:55  Gateway  
  64  7:56  Probe  
  65  8:04  Probe  
  64  8:06  Pylon  
  64  8:09  Pylon  
  64  8:11  Gateway  
  64  8:16  Stalker x2  
  68  8:20  Stalker  
  68  8:27  Dark Templar  
  68  8:30  Probe  
  68  8:31  Probe  
  68  8:32  Probe  
  73  8:35  Pylon  
  73  8:37  Shield Battery  
  73  8:41  Forge  
  73  8:44  Probe  
  74  8:53  Stalker x3  
  74  9:05  Zealot x3  
  74  9:09  Protoss Ground Weapons Level 1 (Chrono Boost)  
  78  9:12  Robotics Facility  
  78  9:18  Zealot x4  
  86  9:27  Zealot x3  
  92  9:37  Nexus  
  92  9:38  Sentry  
  92  9:43  Zealot x2  
  98  9:55  Zealot x3  
  98  9:57  Pylon  
  82  10:08  Zealot x3  
  82  10:12  Zealot  
  68  10:15  Probe  
  68  10:16  Dark Templar  
  68  10:17  Dark Templar  
  68  10:18  Observer (Chrono Boost)  
  68  10:21  Gateway  
  68  10:23  Archon  
  68  10:27  Dark Templar  
  68  10:28  Zealot x3  
  68  10:31  Immortal (Chrono Boost)  
  74  10:36  Assimilator  
  74  10:40  Dark Templar  
  76  10:50  Zealot x2, Dark Templar  
  76  10:52  Probe x2  
  76  10:54  Probe x2  
  86  11:01  Dark Templar  
  88  11:04  Probe  
  88  11:06  Probe x2  
  88  11:08  Shield Battery  
  91  11:14  Probe (Chrono Boost)  
  91  11:15  Stalker x3  
  91  11:17  Probe (Chrono Boost)  
  99  11:23  Probe (Chrono Boost)  
  99  11:24  Probe (Chrono Boost)  
  94  11:27  Immortal (Chrono Boost)  
  94  11:31  Probe (Chrono Boost)  
  98  11:37  Dark Templar, Probe (Chrono Boost)  
  98  11:38  Probe  
  102  11:41  Zealot x3, Probe  
  109  11:51  Stalker x2  
  109  11:52  Zealot  
  115  11:56  Protoss Ground Weapons Level 2 (Chrono Boost)  
  115  11:57  Probe  
  116  12:03  Probe  
  116  12:06  Assimilator  
  117  12:10  Zealot x4  
  117  12:14  Probe  
  119  12:16  Probe x2  
  119  12:18  Probe  
  122  12:26  Stalker  
  122  12:29  Pylon  
  124  12:30  Pylon  
  124  12:32  Photon Cannon  
  124  12:38  Archon  
  124  12:39  Archon  
  124  12:45  Immortal (Chrono Boost)  
  124  12:47  Probe x4  
  132  12:51  Zealot x4  
  132  12:54  Pylon x2  
  132  12:55  Pylon  
  132  12:57  Pylon  
  140  13:03  Assimilator  
  140  13:05  Templar Archives  
  140  13:08  Probe, Shield Battery  
  140  13:09  Photon Cannon  
  140  13:11  Pylon  
  139  13:15  Zealot x3  
  139  13:19  Zealot  
  147  13:21  Probe  
  147  13:25  Dark Templar x2  
  147  13:26  Probe x2  
  152  13:28  Assimilator  
  152  13:32  Archon  
  152  13:34  Dark Templar x2  
  152  13:40  Zealot x3  
  160  13:44  Immortal (Chrono Boost), Probe  
  165  13:56  Zealot  
  165  13:57  Zealot x2  
  165  14:02  High Templar x2  
  171  14:06  Archon, Pylon  
  171  14:07  Pylon  
  169  14:14  Zealot x3  
  167  14:22  Stalker x3  

Tags
 
Add a new tag
Caveats
  • Supply blocks, unpowered buildings, or Contaminate may cause inaccurate times.
  • Supply counts are checked every 10 seconds.